TOP OF THE 1ST |
Huntsville HS Wasps batting - Pitching for Buchanan HS : RHP Jim Wither
|
Pitching: RHP Jim Wither
|
|
Batting: RHB Fernando Sauceda
|
0-0: Foul Ball, location: 2F 0-1: Called Strike 0-2: Foul Ball, location: 2F 0-2: Ball 1-2: Strikes out looking
|
Batting: RHB Chester Horn
|
0-0: Ball 1-0: Called Strike 1-1: Foul Ball, location: 2F 1-2: Ball 2-2: Foul Ball, location: 2F 2-2: Fly out, F7 (Flyball, 7S)
|
Batting: RHB David Kemp
|
0-0: Foul Ball, location: 2F 0-1: Ball 1-1: Called Strike 1-2: Ball 2-2: Ball 3-2: Foul Ball, location: 2F 3-2: Base on Balls
|
Batting: RHB Dave Stroud
|
0-0: Ball 1-0: Ball 2-0: Foul Ball, location: 2F 2-1: Swinging Strike 2-2: Strikes out looking
|
Top of the 1st over - 0 runs, 0 hits, 0 errors, 1 left on base; Huntsville HS 0 - Buchanan HS 0 |
BOTTOM OF THE 1ST |
Buchanan HS batting - Pitching for Huntsville HS Wasps : LHP Bill MacGregor
|
Pitching: LHP Bill MacGregor
|
|
Batting: RHB Juan Martínez
|
0-0: Ball 1-0: Ball 2-0: Ball 3-0: Called Strike 3-1: Base on Balls
|
Batting: SHB Chad MacGregor
|
0-0: Fly out, F9 (Flyball, 9S)
|
Batting: LHB Edgar Cameron
|
0-0: Ball 1-0: Ball 2-0: Ground out U3 (Groundball, 3) Juan Martínez to second
|
Batting: RHB Anthony Moore
|
0-0: Swinging Strike 0-1: Called Strike 0-2: Strikes out looking
|
Bottom of the 1st over - 0 runs, 0 hits, 0 errors, 1 left on base; Huntsville HS 0 - Buchanan HS 0 |
TOP OF THE 2ND |
Huntsville HS Wasps batting - Pitching for Buchanan HS : RHP Jim Wither
|
Batting: RHB Charlie Harris
|
0-0: SINGLE (Line Drive, 56)
|
Batting: RHB Jeff Duncan
|
0-0: Ball Pickoff Throw to First - Out! 1-0: Fly out, F4 (Popup, 4S)
|
Batting: RHB Travis McKenzie
|
0-0: Ball 1-0: Called Strike 1-1: Ball 2-1: Foul Ball, location: 2F 2-2: Ball 3-2: Strikes out swinging
|
Top of the 2nd over - 0 runs, 1 hit, 0 errors, 0 left on base; Huntsville HS 0 - Buchanan HS 0 |
BOTTOM OF THE 2ND |
Buchanan HS batting - Pitching for Huntsville HS Wasps : LHP Bill MacGregor
|
Batting: RHB Tom Ross
|
0-0: Ball 1-0: Ball 2-0: Called Strike 2-1: Fly out, F2 (Popup, 2RF)
|
Batting: LHB David Guillén
|
0-0: Ball 1-0: Ball 2-0: Swinging Strike 2-1: SOLO HOME RUN (Flyball, 9LD), Distance : 357 ft
|
Batting: RHB Jorge Álvarez
|
0-0: Fly out, F8 (Line Drive, 8LM)
|
Batting: LHB Albert Fuentes
|
0-0: Called Strike 0-1: Ball 1-1: Called Strike 1-2: Ground out 2-3 (Groundball, 2L)
|
Bottom of the 2nd over - 1 run, 1 hit, 0 errors, 0 left on base; Huntsville HS 0 - Buchanan HS 1 |
TOP OF THE 3RD |
Huntsville HS Wasps batting - Pitching for Buchanan HS : RHP Jim Wither
|
Batting: RHB Brandon Roe
|
0-0: Called Strike 0-1: Swinging Strike 0-2: Ball 1-2: Foul Ball, location: 2F 1-2: Ball 2-2: Ground out 4-3 (Groundball, 6M)
|
Batting: SHB Al Swanson
|
0-0: Called Strike 0-1: Swinging Strike 0-2: Ball 1-2: Strikes out swinging
|
Batting: RHB Fernando Sauceda
|
0-0: Ball 1-0: Called Strike 1-1: Ball 2-1: Ball 3-1: Base on Balls
|
Batting: RHB Chester Horn
|
0-0: Ball Throwing error on steal attempt, E2 Fernando Sauceda to third 1-0: Ball 2-0: Called Strike 2-1: Foul Ball, location: 2F 2-2: SINGLE (Groundball, 56) (infield hit) Fernando Sauceda scores
|
Batting: RHB David Kemp
|
0-0: Ball 1-0: Called Strike 1-1: Ball 2-1: Ball 3-1: Called Strike 3-2: Strikes out swinging
|
Top of the 3rd over - 1 run, 1 hit, 1 error, 1 left on base; Huntsville HS 1 - Buchanan HS 1 |
BOTTOM OF THE 3RD |
Buchanan HS batting - Pitching for Huntsville HS Wasps : LHP Bill MacGregor
|
Batting: RHB Jim Williams
|
0-0: Foul Ball, location: 2F 0-1: Reached on error, E4 (Groundball, 4M)
|
Batting: RHB Juan Martínez
|
0-0: Ball 1-0: Ball 2-0: Ball 3-0: Called Strike 3-1: Base on Balls
|
Batting: SHB Chad MacGregor
|
0-0: Called Strike 0-1: Ball 1-1: Ball 2-1: Foul Ball, location: 2F 2-2: Strikes out swinging
|
Batting: LHB Edgar Cameron
|
0-0: Called Strike 0-1: Swinging Strike 0-2: Foul Ball, location: 2F 0-2: Ball 1-2: Foul Ball, location: 2F 1-2: Ball 2-2: Fly out, F8 (Flyball, 8LM) Runner from 2nd tags up, OUT at 3rd
|
Bottom of the 3rd over - 0 runs, 0 hits, 1 error, 1 left on base; Huntsville HS 1 - Buchanan HS 1 |
TOP OF THE 4TH |
Huntsville HS Wasps batting - Pitching for Buchanan HS : RHP Jim Wither
|
Batting: RHB Dave Stroud
|
0-0: Ball 1-0: Called Strike 1-1: Ball 2-1: Called Strike 2-2: Ball 3-2: Foul Ball, location: 2F 3-2: Strikes out swinging
|
Batting: RHB Charlie Harris
|
0-0: Ball 1-0: Ball 2-0: DOUBLE (Flyball, 8RXD)
|
Batting: RHB Jeff Duncan
|
0-0: Called Strike 0-1: Ball 1-1: Swinging Strike 1-2: Ball 2-2: Strikes out swinging
|
Batting: RHB Travis McKenzie
|
0-0: Ball 1-0: Ball 2-0: Ball 3-0: Called Strike 3-1: Foul Ball, location: 2F 3-2: SINGLE (Groundball, 5D) Charlie Harris to third Charlie Harris scores
|
Batting: RHB Brandon Roe
|
Pickoff Throw to First - Out!
|
Top of the 4th over - 1 run, 2 hits, 0 errors, 0 left on base; Huntsville HS 2 - Buchanan HS 1 |
BOTTOM OF THE 4TH |
Buchanan HS batting - Pitching for Huntsville HS Wasps : LHP Bill MacGregor
|
Batting: RHB Anthony Moore
|
0-0: Called Strike 0-1: Ball 1-1: Fly out, F8 (Flyball, 8RS)
|
Batting: RHB Tom Ross
|
0-0: Ball 1-0: Called Strike 1-1: Foul Ball, location: 2F 1-2: Foul Ball, location: 2F 1-2: Foul Ball, location: 2F 1-2: Fly out, F6 (Line Drive, 6)
|
Batting: LHB David Guillén
|
0-0: Ball 1-0: SINGLE (Flyball, 89S)
|
Batting: RHB Jorge Álvarez
|
0-0: Swinging Strike 0-1: Swinging Strike 0-2: Ball 1-2: Strikes out swinging
|
Bottom of the 4th over - 0 runs, 1 hit, 0 errors, 1 left on base; Huntsville HS 2 - Buchanan HS 1 |
TOP OF THE 5TH |
Huntsville HS Wasps batting - Pitching for Buchanan HS : RHP Jim Wither
|
Batting: RHB Brandon Roe
|
0-0: Called Strike 0-1: Ball 1-1: Ball 2-1: Ball 3-1: Fly out, F2 (Popup, 23F)
|
Pitching: RHP Norm Hinton
|
|
Batting: SHB Al Swanson
|
0-0: Ball 1-0: Called Strike 1-1: Ball 2-1: Ball 3-1: Called Strike 3-2: Base on Balls
|
Batting: RHB Fernando Sauceda
|
0-0: Ball 1-0: Swinging Strike 1-1: Called Strike 1-2: Ball 2-2: Foul Ball, location: 2F 2-2: Foul Ball, location: 2F 2-2: Foul Ball, location: 2F 2-2: Ball 3-2: Ground out 4-3 (Groundball, 4S) Al Swanson to second
|
Batting: RHB Chester Horn
|
0-0: SINGLE (Groundball, 6MD) (infield hit) Al Swanson to third
|
Batting: RHB David Kemp
|
0-0: Called Strike 0-1: Called Strike 0-2: Ball 1-2: Foul Ball, location: 2F 1-2: Fly out, F6 (Line Drive, 6)
|
Top of the 5th over - 0 runs, 1 hit, 0 errors, 2 left on base; Huntsville HS 2 - Buchanan HS 1 |
BOTTOM OF THE 5TH |
Buchanan HS batting - Pitching for Huntsville HS Wasps : LHP Bill MacGregor
|
Batting: LHB Albert Fuentes
|
0-0: Ball 1-0: Called Strike 1-1: Foul Ball, location: 2F 1-2: Strikes out swinging
|
Batting: RHB Jim Williams
|
0-0: Ball 1-0: Foul Ball, location: 2F 1-1: Ground out 6-3 (Groundball, 6)
|
Batting: RHB Juan Martínez
|
0-0: Swinging Strike 0-1: Called Strike 0-2: Strikes out swinging
|
Bottom of the 5th over - 0 runs, 0 hits, 0 errors, 0 left on base; Huntsville HS 2 - Buchanan HS 1 |
TOP OF THE 6TH |
Huntsville HS Wasps batting - Pitching for Buchanan HS : RHP Norm Hinton
|
Batting: RHB Dave Stroud
|
0-0: Ball 1-0: Ball 2-0: Ball 3-0: Base on Balls
|
Batting: RHB Charlie Harris
|
0-0: Ball 1-0: Called Strike 1-1: Called Strike 1-2: Strikes out swinging
|
Batting: RHB Jeff Duncan
|
0-0: Called Strike 0-1: Ball 1-1: Called Strike 1-2: Ball 2-2: Strikes out looking
|
Batting: RHB Travis McKenzie
|
0-0: Foul Ball, location: 2F 0-1: Fly out, F5 (Line Drive, 5)
|
Top of the 6th over - 0 runs, 0 hits, 0 errors, 1 left on base; Huntsville HS 2 - Buchanan HS 1 |
BOTTOM OF THE 6TH |
Buchanan HS batting - Pitching for Huntsville HS Wasps : LHP Bill MacGregor
|
Batting: SHB Chad MacGregor
|
0-0: Ball 1-0: SOLO HOME RUN (Flyball, 9LD), Distance : 339 ft
|
Batting: LHB Edgar Cameron
|
0-0: Ball 1-0: DOUBLE (Flyball, 78D)
|
Batting: RHB Anthony Moore
|
0-0: SINGLE (Groundball, 6MD) Edgar Cameron to third Runner from 3rd tries for Home, SAFE, throw made home
|
Batting: RHB Tom Ross
|
0-0: Called Strike 0-1: Ball 1-1: Ball 2-1: Foul Ball, location: 2F 2-2: Foul Ball, location: 2F 2-2: Foul Ball, location: 2F 2-2: SINGLE (Groundball, 4MS) (infield hit) Anthony Moore to second
|
Pitching: LHP Jerry Miller
|
|
Batting: LHB David Guillén
|
0-0: Ball 1-0: Foul Ball, location: 2F 1-1: Foul Ball, location: 2F 1-2: Fly out, F9 (Line Drive, 9LM)
|
Batting: RHB Jorge Álvarez
|
0-0: Ball 1-0: Called Strike 1-1: SINGLE (Groundball, 56D) Anthony Moore to third Tom Ross to second Runner from 3rd tries for Home, SAFE, no throw
|
Batting: LHB Albert Fuentes
|
0-0: Ball 1-0: Called Strike 1-1: Foul Ball, location: 2F 1-2: Strikes out looking
|
Batting: RHB Jim Williams
|
0-0: Swinging Strike 0-1: Ball 1-1: DOUBLE (Flyball, 89D) Tom Ross scores Jorge Álvarez to third Runner from 3rd tries for Home, SAFE, no throw
|
Batting: RHB Juan Martínez
|
0-0: Swinging Strike 0-1: SINGLE (Groundball, 3S) (infield hit) Jim Williams to third
|
Batting: SHB Chad MacGregor
|
0-0: Foul Ball, location: 2F 0-1: Ball Pickoff Throw to First - Out!
|
Bottom of the 6th over - 5 runs, 7 hits, 0 errors, 1 left on base; Huntsville HS 2 - Buchanan HS 6 |
TOP OF THE 7TH |
Huntsville HS Wasps batting - Pitching for Buchanan HS : RHP Norm Hinton
|
Batting: RHB Brandon Roe
|
0-0: Called Strike 0-1: Ball 1-1: Ball 2-1: Ball 3-1: Called Strike 3-2: Foul Ball, location: 2F 3-2: Base on Balls
|
Pitching: LHP Lawrence Edmonds
|
|
Batting: SHB Al Swanson
|
0-0: Ball 1-0: Ball 2-0: Foul Ball, location: 2F 2-1: Ball 3-1: Foul Ball, location: 2F 3-2: Base on Balls Brandon Roe to second
|
Batting: RHB Fernando Sauceda
|
0-0: Ball 1-0: Foul Ball, location: 2F 1-1: Ball 2-1: 3-RUN HOME RUN (Flyball, 78XD), Distance : 405 ft
|
Batting: RHB Chester Horn
|
0-0: SINGLE (Groundball, 6MD)
|
Batting: RHB David Kemp
|
0-0: Ball Chester Horn is caught stealing 2nd base 1-0: Called Strike 1-1: Foul Ball, location: 2F 1-2: Strikes out swinging
|
Batting: RHB Dave Stroud
|
0-0: Single, Error in OF, E8, batter to second base
|
Batting: RHB Charlie Harris
|
0-0: Ball 1-0: Called Strike 1-1: Foul Ball, location: 2F 1-2: SINGLE (Groundball, 6MD) Dave Stroud to third Runner from 3rd tries for Home, SAFE, no throw
|
Batting: RHB Jeff Duncan
|
0-0: Swinging Strike 0-1: Swinging Strike 0-2: Ball 1-2: Ball 2-2: Strikes out swinging
|
Top of the 7th over - 4 runs, 4 hits, 1 error, 1 left on base; Huntsville HS 6 - Buchanan HS 6 |
BOTTOM OF THE 7TH |
Buchanan HS batting - Pitching for Huntsville HS Wasps : LHP Jerry Miller
|
Batting: SHB Chad MacGregor
|
0-0: Ball 1-0: Ball 2-0: Called Strike 2-1: Ball 3-1: Foul Ball, location: 2F 3-2: Fly out, F8 (Flyball, 8RXD)
|
Batting: LHB Edgar Cameron
|
0-0: Ball 1-0: Ball 2-0: Hit by Pitch
|
Batting: RHB Anthony Moore
|
0-0: Swinging Strike 0-1: Ball 1-1: Swinging Strike 1-2: Strikes out looking
|
Batting: RHB Tom Ross
|
0-0: Swinging Strike 0-1: Ball 1-1: Foul Ball, location: 2F 1-2: Ball 2-2: Ball 3-2: Base on Balls Edgar Cameron to second
|
Batting: LHB David Guillén
|
0-0: Ball 1-0: Ball 2-0: Called Strike 2-1: Ground out 4-3 (Groundball, 4)
|
Bottom of the 7th over - 0 runs, 0 hits, 0 errors, 2 left on base; Huntsville HS 6 - Buchanan HS 6 |
TOP OF THE 8TH |
Huntsville HS Wasps batting - Pitching for Buchanan HS : LHP Lawrence Edmonds
|
Batting: RHB Travis McKenzie
|
0-0: Swinging Strike 0-1: Foul Ball, location: 2F 0-2: Ball 1-2: Ball 2-2: Ground out 6-3 (Groundball, 56)
|
Batting: RHB Brandon Roe
|
0-0: Ball 1-0: Called Strike 1-1: Swinging Strike 1-2: Foul Ball, location: 2F 1-2: Strikes out looking
|
Batting: SHB Al Swanson
|
0-0: Ball 1-0: Ball 2-0: Foul Ball, location: 2F 2-1: Ball 3-1: Foul Ball, location: 2F 3-2: Base on Balls
|
Batting: RHB Fernando Sauceda
|
0-0: Called Strike 0-1: Ball 1-1: Ball 2-1: Called Strike 2-2: Foul Ball, location: 2F 2-2: Fly out, F8 (Flyball, 8RXD)
|
Top of the 8th over - 0 runs, 0 hits, 0 errors, 1 left on base; Huntsville HS 6 - Buchanan HS 6 |
BOTTOM OF THE 8TH |
Buchanan HS batting - Pitching for Huntsville HS Wasps : LHP Jerry Miller
|
Batting: RHB Jorge Álvarez
|
0-0: Called Strike 0-1: Ground out 4-3 (Groundball, 4)
|
Batting: LHB Albert Fuentes
|
0-0: Foul Ball, location: 2F 0-1: Ball 1-1: Foul Ball, location: 2F 1-2: Strikes out swinging
|
Batting: RHB Jim Williams
|
0-0: Fly out, F9 (Flyball, 9)
|
Bottom of the 8th over - 0 runs, 0 hits, 0 errors, 0 left on base; Huntsville HS 6 - Buchanan HS 6 |
TOP OF THE 9TH |
Huntsville HS Wasps batting - Pitching for Buchanan HS : LHP Lawrence Edmonds
|
Batting: RHB Chester Horn
|
0-0: Called Strike 0-1: Ball 1-1: Ball 2-1: SOLO HOME RUN (Flyball, 9LD), Distance : 358 ft
|
Batting: RHB David Kemp
|
0-0: Ball 1-0: Foul Ball, location: 2F 1-1: Fly out, F9 (Flyball, 89S)
|
Batting: RHB Dave Stroud
|
0-0: Called Strike 0-1: Called Strike 0-2: Strikes out swinging
|
Batting: RHB Charlie Harris
|
0-0: Called Strike 0-1: Ball 1-1: Ball 2-1: SINGLE (Groundball, 34D)
|
Batting: RHB Jeff Duncan
|
0-0: Foul Ball, location: 2F 0-1: Swinging Strike 0-2: Ball 1-2: Strikes out looking
|
Top of the 9th over - 1 run, 2 hits, 0 errors, 1 left on base; Huntsville HS 7 - Buchanan HS 6 |
BOTTOM OF THE 9TH |
Buchanan HS batting - Pitching for Huntsville HS Wasps : LHP Jerry Miller
|
Pitching: RHP Tim Bannatyne
|
|
Batting: RHB Juan Martínez
|
0-0: Foul Ball, location: 2F 0-1: Ball 1-1: Called Strike 1-2: SINGLE (Groundball, 34) (infield hit)
|
Batting: SHB Chad MacGregor
|
0-0: Ball 1-0: Called Strike 1-1: Ball 2-1: Ball 3-1: Base on Balls Juan Martínez to second
|
Batting: LHB Edgar Cameron
|
0-0: Foul Ball, location: 2F 0-1: Foul Ball, location: 2F 0-2: Ball 1-2: Ball 2-2: Fly out, F8 (Flyball, 8RM)
|
Batting: RHB Anthony Moore
|
0-0: Ball 1-0: Called Strike 1-1: Swinging Strike 1-2: Ball 2-2: Ball 3-2: Base on Balls Juan Martínez to third Chad MacGregor to second
|
Batting: RHB Tom Ross
|
0-0: Called Strike 0-1: Called Strike 0-2: Foul Ball, location: 2F 0-2: Ball 1-2: Grounds into double play, 5-2-3 (Groundball, 56S)
|
Bottom of the 9th over - 0 runs, 1 hit, 0 errors, 2 left on base; Huntsville HS 7 - Buchanan HS 6 |
|